 Dungeon Crawl Stone Soup version 0.26.1-2-gb8aa6d0cf2 (webtiles) character file.

Game seed: 18363509695571999615

12751 Almogavar the Basher (level 11, 0/83 HPs)
             Began as a Gnoll Wanderer on Mar 30, 2021.
             Was a High Priest of Okawaru.
             Slain by Urug
             ... wielding a +4 vorpal great mace
              (11 damage)
             ... on level 1 of the Lair of Beasts.
             The game lasted 00:33:04 (11484 turns).

Almogavar the Basher (Gnoll Wanderer)              Turns: 11484, Time: 00:33:05

Health: 0/83       AC: 27    Str: 23    XL:     11   Next: 98%
Magic:  20/21      EV: 22    Int: 22    God:    Okawaru [*****.]
Gold:   519        SH: 13    Dex: 14    Spells: 23/23 levels left

rFire    + . .     SeeInvis .   G - +12 hand axe of the Equinox {protect, rF+ Str+4 Int+5}
rCold    . . .     Faith    .   e - +0 kite shield
rNeg     . . .     Spirit   .   P - +6 ring mail "Berph" {rElec rPois Regen+ rCorr}
rPois    +         Reflect  .   W - +1 helmet {Int+3}
rElec    +         Harm     .   u - +0 cloak
rCorr    +         Rampage  .   B - +0 pair of gloves
Will     .....                  h - +0 pair of boots
Stlth    ++++......             (no amulet)
HPRegen  0.63/turn              y - ring of wizardry
MPRegen  0.17/turn              C - +4 ring of evasion

@: heroism, protection aura, studying Maces & Flails
A: distributed training, fangs 1, strong nose
a: Renounce Religion, Heroism, Finesse


You were on level 1 of the Lair of Beasts.
You worshipped Okawaru.
Okawaru was extremely pleased with you.
You visited 3 branches of the dungeon, and saw 12 of its levels.

You collected 519 gold pieces.

Inventory:

Hand Weapons
 b - a +5 rapier of venom
 q - a +0 hunting sling
 A - a +3 quarterstaff of chaos
 E - a +4 antimagic spear
 G - the +12 hand axe of the Equinox (weapon) {protect, rF+ Str+4 Int+5}
   (You found it on level 5 of the Dungeon)

   It grants its wielder temporary protection when it strikes (+7 to AC).
   It affects your strength (+4).
   It affects your intelligence (+5).
   It protects you from fire.
 H - the +7 spear "Meguka" {vorpal, rF+ rN+ Int+3 SInv}
   (You took it off an orc on level 5 of the Dungeon)

   It inflicts extra damage upon your enemies.
   It affects your intelligence (+3).
   It protects you from fire.
   It protects you from negative energy.
   It lets you see invisible.
Missiles
 j - 259 stones (quivered)
 l - 127 sling bullets
 t - 12 javelins
 Y - 6 boomerangs
Armour
 e - a +0 kite shield (worn)
 h - a +0 pair of boots (worn)
 u - a +0 cloak (worn)
 B - a +0 pair of gloves (worn)
 I - the +3 ring mail of Vigruheos {rPois rN+}
   (You took it off an orc on level 5 of the Dungeon)

   It protects you from poison.
   It protects you from negative energy.
 P - the +6 ring mail "Berph" (worn) {rElec rPois Regen+ rCorr}
   (You found it on level 7 of the Dungeon)

   It insulates you from electricity.
   It protects you from poison.
   It increases your rate of regeneration.
   It provides partial protection from all sources of acid and corrosion.
 W - a +1 helmet of intelligence (worn)
Jewellery
 y - a ring of wizardry (left hand)
 z - an uncursed ring of ice
 C - a +4 ring of evasion (right hand)
Wands
 a - a wand of polymorph (10)
 d - a wand of iceblast (9)
 x - a wand of flame (16)
 D - a wand of acid (7)
 L - a wand of disintegration (15)
Scrolls
 f - 7 scrolls of remove curse
 i - 2 scrolls of amnesia
 k - 12 scrolls of teleportation
 o - 2 scrolls of fog
 p - 4 scrolls of magic mapping
 r - a scroll of blinking
 s - a scroll of enchant armour
 K - 2 scrolls of enchant weapon {unknown}
 Q - a scroll of vulnerability {unknown}
 T - a scroll of acquirement {unknown}
 X - a scroll of random uselessness {unknown}
 Z - a scroll of holy word {unknown}
Potions
 c - 5 potions of curing
 m - 4 potions of attraction
 n - a potion of invisibility
 v - a potion of degeneration {unknown}
 w - 3 potions of flight
 M - 3 potions of magic {unknown}
 N - a potion of resistance {unknown}
 O - a potion of mutation {unknown}
 R - 4 potions of heal wounds {unknown}
 S - 2 potions of might {unknown}
 U - a potion of berserk rage
 V - a potion of brilliance {unknown}
Books
 F - a manual of Maces & Flails


   Skills:
 + Level 6.8(11.8) Fighting
 + Level 6.8(11.8) Short Blades
 + Level 6.8(11.8) Long Blades
 + Level 6.8(11.8) Axes
 + Level 9.2(14.2) Maces & Flails
 + Level 6.8(11.8) Polearms
 + Level 8.3(13.3) Staves
 + Level 6.8(11.8) Slings
 + Level 6.8(11.8) Bows
 + Level 6.8(11.8) Crossbows
 + Level 6.8(11.8) Throwing
 + Level 6.8(11.8) Armour
 + Level 7.3(12.3) Dodging
 + Level 6.8(11.8) Stealth
 + Level 8.3(13.3) Shields
 + Level 6.8(11.8) Unarmed Combat
 + Level 6.8 Spellcasting
 + Level 5.6 Conjurations
 + Level 5.6 Hexes
 + Level 5.6 Summonings
 + Level 5.6 Necromancy
 + Level 5.6 Translocations
 + Level 5.6 Transmutations
 + Level 5.6 Fire Magic
 + Level 5.6 Ice Magic
 + Level 6.9 Air Magic
 + Level 8.0 Earth Magic
 + Level 5.6 Poison Magic
 + Level 7.4 Invocations
 + Level 6.8 Evocations


You had 23 spell levels left.
You didn't know any spells.
Your spell library contained the following spells:

 Spells                   Type           Power        Failure   Level
 Animate Skeleton         Necr           64%          1%          1
 Apportation              Tloc           64%          1%          1
 Corona                   Hex            35%          1%          1
 Summon Small Mammal      Summ           100%         1%          1


Dungeon Overview and Level Annotations

Branches:
Dungeon (10/15)            Temple (1/1) D:7            Lair (1/6) D:9
    Orc: D:9-12

Altars:
Ashenzari
Cheibriados
Dithmenos
Fedhas
Hepliaklqana
Kikubaaqudgha
Nemelex Xobeh
Okawaru
Ru
Sif Muna
Trog
Uskayaw
Wu Jian
Xom
Zin
Beogh

Shops:
D:8 =

Annotations:
Lair:1 Urug


Innate Abilities, Weirdness & Mutations

Your experience applies equally to all skills.
You have very sharp teeth.
Your uncanny sense of smell can sniff out nearby items.


Message History

You hit Urug.
Urug is heavily wounded.
You hit Urug but do no damage.
Urug is heavily wounded.
Urug misses you.
You slash Urug! You bite Urug, but do no damage.
Urug is severely wounded.
Urug closely misses you.
You hit Urug but do no damage. Your bite misses Urug.
Urug is severely wounded.
You slash Urug!
Urug is severely wounded.
Urug hits you with a +4 vorpal great mace!
* * * LOW HITPOINT WARNING * * *
x2 You barely miss Urug.
Urug is severely wounded.
You slash Urug! You bite Urug, but do no damage.
Urug is almost dead.
Urug hits you with a +4 vorpal great mace!
You die...

,,,,,,,*,,,,,,* ****,,,,,,** **,
,,,,,,,,,.#..,*##.,,,,,,,,,* *,,
,,,,,,,,,....,,...,,,,..,,** **,
,,,,,,,*,*#...,#.#**,...,,******,
,,,*,,****#...##.# *....,,,,,,,,,
,,,,,,,,**,......###....,,,,,,,,*
,,,,,,,,**,,,...........,,,,,,,,,
************,*#o........,,,,,,,,,
******** ****#@..#....,,,,,,,,*
,,,,,,,********#.....#*,*********
,≈≈≈≈,,,∆,,,,∩*#...###*** **
≈≈,,≈≈≈≈≈,≈≈≈≈*#.(## *,
,,,,,,,,≈≈≈,,,*#..##**# ***,
*******,,,,,,**#...#*.##******,*,
***,∆,** #..##....,,,,,,,,,
##############........,,,,,,,,,
#......##.............,,,,,,,,*


You could see Urug.

Vanquished Creatures
  3 two-headed ogres
  A death yak (D:9)
  Pikel (D:9)
  The ghost of lysyklops the Covert, a novice OpCj (D:6)
  A cyclops (D:9)
  Joseph (D:7)
  A gargoyle (D:10)
  Maggie (D:6)
  2 kobold demonologists (D:10)
  A komodo dragon (Lair:1)
  A hornet (D:9)
  2 wyverns (D:9)
  8 yaks (D:9)
  Eustachio (D:6)
  2 basilisks (D:9)
  Menkaure (D:6)
  Edmund (D:6)
  Duvessa (D:4)
  A water moccasin (D:8)
  3 orc warriors
  3 ice beasts
  A black bear (Lair:1)
  A sky beast (D:9)
  3 ogres
  A centaur (D:9)
  2 lemures (D:9)
  7 bullfrogs
  2 big kobolds (D:10)
  A gnoll sergeant (D:5)
  Dowan (D:4)
  2 wyvern skeletons
  A water moccasin zombie (D:2)
  3 wights (D:9)
  16 killer bees
  A vampire bat (D:2)
  An electric eel (D:9)
  10 howler monkeys
  2 bullfrog zombies
  3 centaur zombies
  7 hounds
  5 orc priests
  5 jellies
  Crazy Yiuf (D:4)
  17 orc wizards
  3 iguanas
  2 worker ants
  2 worker ant zombies
  A howler monkey skeleton (D:6)
  4 gnolls
  13 adders
  2 shadow imps
  An ufetubus (D:9)
  An adder zombie (D:9)
  An adder skeleton (D:5)
  3 worms
  The ghost of Phaedo the Sneak, a weakling DgDe (D:5)
  A dart slug (D:3)
  3 leopard geckos
  36 orcs
  3 bats
  2 bat skeletons (D:2)
  2 bat zombies (D:2)
  A giant cockroach (D:1)
  3 goblins
  4 hobgoblins
  4 jackals (D:2)
  10 kobolds
  2 quokkas
  A ball python (D:8)
  5 frilled lizards
  A giant cockroach zombie (D:5)
  6 rats
248 creatures vanquished.

Vanquished Creatures (others)
  A quokka (D:9)
1 creature vanquished.

Grand Total: 249 creatures vanquished

Notes
Turn   | Place    | Note
-------+----------+-------------------------------------------
     0 | D:1      | Almogavar the Gnoll Wanderer began the quest for the Orb.
     0 | D:1      | Almogavar set off with the following items: a +0 club, a +0
                  | quarterstaff, a potion of curing, a +0 robe, a +0 kite
                  | shield
     0 | D:1      | Reached XP level 1. HP: 13/13 MP: 1/1
   333 | D:1      | Reached XP level 2. HP: 19/19 MP: 2/2
  1012 | D:2      | Reached XP level 3. HP: 25/25 MP: 3/3
  1088 | D:2      | Found an ornate altar of the Wu Jian Council.
  1090 | D:2      | Found a snail-covered altar of Cheibriados.
  1090 | D:2      | Found a shimmering altar of Xom.
  1099 | D:2      | Reached skill level 1 in Invocations
  1101 | D:2      | Found a hazy altar of Hepliaklqana.
  1101 | D:2      | Found an ancient bone altar of Kikubaaqudgha.
  1101 | D:2      | Found a sacrificial altar of Ru.
  1160 | D:2      | Reached skill level 1 in Fighting
  1160 | D:2      | Reached skill level 1 in Short Blades
  1160 | D:2      | Reached skill level 1 in Long Blades
  1160 | D:2      | Reached skill level 1 in Axes
  1160 | D:2      | Reached skill level 1 in Maces & Flails
  1160 | D:2      | Reached skill level 1 in Polearms
  1160 | D:2      | Reached skill level 1 in Slings
  1160 | D:2      | Reached skill level 1 in Bows
  1160 | D:2      | Reached skill level 1 in Crossbows
  1160 | D:2      | Reached skill level 1 in Throwing
  1160 | D:2      | Reached skill level 1 in Armour
  1160 | D:2      | Reached skill level 1 in Stealth
  1160 | D:2      | Reached skill level 1 in Unarmed Combat
  1160 | D:2      | Reached skill level 1 in Spellcasting
  1160 | D:2      | Reached skill level 1 in Evocations
  1160 | D:2      | Reached XP level 4. HP: 30/32 MP: 5/5
  1456 | D:2      | Reached skill level 1 in Conjurations
  1456 | D:2      | Reached skill level 1 in Hexes
  1456 | D:2      | Reached skill level 1 in Summonings
  1456 | D:2      | Reached skill level 1 in Necromancy
  1456 | D:2      | Reached skill level 1 in Translocations
  1456 | D:2      | Reached skill level 1 in Transmutations
  1456 | D:2      | Reached skill level 1 in Fire Magic
  1456 | D:2      | Reached skill level 1 in Ice Magic
  1456 | D:2      | Reached skill level 1 in Poison Magic
  1456 | D:2      | Reached XP level 5. HP: 24/37 MP: 6/6
  1897 | D:2      | Found an ancient bone altar of Kikubaaqudgha.
  3060 | D:3      | Reached XP level 6. HP: 36/44 MP: 8/8
  3676 | D:4      | Noticed Duvessa
  3677 | D:4      | Noticed Dowan
  3699 | D:4      | Killed Duvessa
  3700 | D:4      | Reached skill level 2 in Maces & Flails
  3700 | D:4      | Reached skill level 5 in Staves
  3700 | D:4      | Reached skill level 5 in Shields
  3707 | D:4      | Killed Dowan
  4625 | D:4      | Found a runed translucent door.
  4626 | D:4      | Noticed Crazy Yiuf
  4661 | D:4      | Killed Crazy Yiuf
  4763 | D:5      | Entered Level 5 of the Dungeon
  4772 | D:5      | Reached XP level 7. HP: 50/50 MP: 10/10
  5187 | D:5      | Found a runed translucent gate.
  5188 | D:5      | Found a runed translucent gate.
  5188 | D:5      | Noticed Phaedo's ghost (weakling DgDe)
  5189 | D:5      | Found a runed translucent gate.
  5189 | D:5      | Identified the +7 spear "Meguka" {vorpal, rF+ rN+ Int+3
                  | SInv}
  5189 | D:5      | Identified the +3 ring mail of Vigruheos {rPois rN+}
  5196 | D:5      | Found a roughly hewn altar of Beogh.
  5375 | D:5      | Reached XP level 8. HP: 57/57 MP: 12/12
  5400 | D:5      | Reached skill level 3 in Maces & Flails
  5461 | D:5      | Got an ebony hand axe
  5462 | D:5      | Identified the +12 hand axe of the Equinox {protect, rF+
                  | Str+4 Int+5} (You found it on level 5 of the Dungeon)
  5631 | D:5      | Killed Phaedo's ghost
  5812 | D:6      | Noticed Menkaure
  5812 | D:6      | Noticed Edmund
  5819 | D:6      | Killed Edmund
  5822 | D:6      | Killed Menkaure
  5898 | D:6      | Reached skill level 4 in Maces & Flails
  6089 | D:6      | Noticed Eustachio
  6114 | D:6      | Killed Eustachio
  6177 | D:6      | Reached XP level 9. HP: 59/65 MP: 14/14
  6290 | D:6      | Found a runed translucent door.
  6294 | D:6      | Noticed lysyklops's ghost (novice OpCj)
  6312 | D:6      | Noticed Maggie
  6329 | D:6      | Killed Maggie
  6330 | D:6      | Reached skill level 5 in Air Magic
  6541 | D:6      | Found a hide-covered altar of Uskayaw.
  6735 | D:6      | Killed lysyklops's ghost
  6736 | D:6      | Reached skill level 5 in Maces & Flails
  6736 | D:6      | Reached skill level 5 in Dodging
  6929 | D:7      | Noticed Joseph
  6946 | D:7      | Killed Joseph
  6947 | D:7      | Reached skill level 5 in Invocations
  7013 | D:7      | Got a shimmering ring mail
  7169 | D:7      | Found a hazy altar of Hepliaklqana.
  7178 | D:7      | Found a staircase to the Ecumenical Temple.
  7191 | Temple   | Entered the Ecumenical Temple
  7230 | Temple   | Became a worshipper of Warmaster Okawaru
  7323 | D:7      | Reached skill level 6 in Maces & Flails
  7808 | D:8      | Reached XP level 10. HP: 72/73 MP: 17/17
  8023 | D:8      | Found a sacrificial altar of Ru.
  8070 | D:8      | Reached * piety under Okawaru
  8071 | D:8      | Reached skill level 5 in Fighting
  8071 | D:8      | Reached skill level 5 in Short Blades
  8071 | D:8      | Reached skill level 5 in Long Blades
  8071 | D:8      | Reached skill level 5 in Axes
  8071 | D:8      | Reached skill level 5 in Polearms
  8071 | D:8      | Reached skill level 5 in Slings
  8071 | D:8      | Reached skill level 5 in Bows
  8071 | D:8      | Reached skill level 5 in Crossbows
  8071 | D:8      | Reached skill level 5 in Throwing
  8071 | D:8      | Reached skill level 5 in Armour
  8071 | D:8      | Reached skill level 5 in Stealth
  8071 | D:8      | Reached skill level 5 in Unarmed Combat
  8071 | D:8      | Reached skill level 5 in Spellcasting
  8071 | D:8      | Reached skill level 5 in Evocations
  8503 | D:8      | Found Ditsin's Jewellery Shoppe.
  8720 | D:9      | Noticed a two-headed ogre
  8733 | D:9      | Killed a two-headed ogre
  8733 | D:9      | Reached ** piety under Okawaru
  8734 | D:9      | Reached skill level 7 in Maces & Flails
  8735 | D:9      | Found a staircase to the Lair.
  8735 | D:9      | Noticed a death yak
  8867 | D:9      | Killed a death yak
  9023 | D:9      | Reached *** piety under Okawaru
  9053 | D:9      | Identified the +6 ring mail "Berph" {rElec rPois Regen+
                  | rCorr} (You found it on level 7 of the Dungeon)
  9135 | D:9      | Reached XP level 11. HP: 77/81 MP: 19/19
  9317 | D:9      | Reached skill level 8 in Maces & Flails
  9511 | D:9      | Reached skill level 5 in Conjurations
  9511 | D:9      | Reached skill level 5 in Hexes
  9511 | D:9      | Reached skill level 5 in Summonings
  9511 | D:9      | Reached skill level 5 in Necromancy
  9511 | D:9      | Reached skill level 5 in Translocations
  9511 | D:9      | Reached skill level 5 in Transmutations
  9511 | D:9      | Reached skill level 5 in Fire Magic
  9511 | D:9      | Reached skill level 5 in Ice Magic
  9511 | D:9      | Reached skill level 5 in Poison Magic
  9570 | D:9      | Noticed Pikel
  9583 | D:9      | Killed Pikel
  9589 | D:9      | Reached **** piety under Okawaru
  9628 | D:9      | Noticed a two-headed ogre
  9638 | D:9      | Killed a two-headed ogre
 10020 | D:9      | Noticed a cyclops
 10032 | D:9      | Killed a cyclops
 10329 | D:10     | Entered Level 10 of the Dungeon
 10447 | D:10     | Noticed a two-headed ogre
 10473 | D:10     | Killed a two-headed ogre
 10473 | D:10     | Reached ***** piety under Okawaru
 10720 | D:10     | Noticed a sun demon
 10966 | D:10     | Reached skill level 9 in Maces & Flails
 11000 | D:10     | Received a gift from Okawaru
 11401 | Lair:1   | Entered Level 1 of the Lair of Beasts
 11465 | Lair:1   | Noticed Urug
 11484 | Lair:1   | Slain by Urug

Illustrated notes

Levels and vault maps discovered:
D:1:      amcnicky_arrival_double_pillar, layout_loops_ring,
          kennysheep_decorative_pillar, chequers_decorated_corner,
          minmay_small_reverse_x
D:2:      wander_river, layout_loops_ring, kennysheep_vampire_church,
          eino_curves_02, minmay_door_square, doesnt_xom_only_xom
D:3:      layout_rooms
D:4:      layout_loops_corners, uniq_crazy_yiuf_cottage, uniq_duvessa
D:5:      layout_rooms, biasface_ghost_orc_armoury, minmay_manual_maat
D:6:      layout_loops_ring, marbit_many_paths, ebering_ghost_sewer_d,
          uniq_menkaure, uniq_eustachio, uniq_edmund, uniq_maggie
D:7:      layout_cave_pods, nzn_hepliaklqana_mist_gate, temple_fountains,
          uniq_joseph
D:8:      layout_gridville, nicolae_ru_great_annihilating_truth, serial_shops,
          nicolae_shop_trees, nicolae_two_hexagons
D:9:      layout_loops_ring, david_lair_generic, minmay_misc_feat_cross,
          lightli_minifort, uniq_pikel
D:10:     layout_roguey
Temple:   regret_index_temple_mists
Lair:1:   layout_gridlike, nicolae_volcano_entry_vermiform, grunt_megastairs_5,
          uniq_urug

Skill      XL: |  1  2  3  4  5  6  7  8  9 10 11 |
---------------+----------------------------------+-----
Invocations    | 1 2 3 4 5 6 7 |  7.4
Fighting       | 1 2 3 4 5 6 |  6.8
Short Blades   | 1 2 3 4 5 6 |  6.8
Long Blades    | 1 2 3 4 5 6 |  6.8
Axes           | 1 2 3 4 5 6 |  6.8
Maces & Flails | 1 2 4 6 7 9 |  9.2
Polearms       | 1 2 3 4 5 6 |  6.8
Slings         | 1 2 3 4 5 6 |  6.8
Bows           | 1 2 3 4 5 6 |  6.8
Crossbows      | 1 2 3 4 5 6 |  6.8
Throwing       | 1 2 3 4 5 6 |  6.8
Armour         | 1 2 3 4 5 6 |  6.8
Stealth        | 1 2 3 4 5 6 |  6.8
Unarmed Combat | 1 2 3 4 5 6 |  6.8
Spellcasting   | 1 2 3 4 5 6 |  6.8
Evocations     | 1 2 3 4 5 6 |  6.8
Conjurations   | 1 2 3 4 5 |  5.6
Hexes          | 1 2 3 4 5 |  5.6
Summonings     | 1 2 3 4 5 |  5.6
Necromancy     | 1 2 3 4 5 |  5.6
Translocations | 1 2 3 4 5 |  5.6
Transmutations | 1 2 3 4 5 |  5.6
Fire Magic     | 1 2 3 4 5 |  5.6
Ice Magic      | 1 2 3 4 5 |  5.6
Poison Magic   | 1 2 3 4 5 |  5.6
Dodging        | 3 4 5 6 7 |  7.3
Air Magic      | 4 5 6 |  6.9
Staves         | 5 6 7 8 |  8.3
Shields        | 5 6 7 8 |  8.3
Earth Magic    | 6 7 8 |  8.0

Action                   |  1- 3 |  4- 6 |  7- 9 | 10-12 || total
-------------------------+-------+-------+-------+-------++-------
Melee: Club              |    44 |       |       |       ||    44
       Bite              |    10 |    25 |    26 |    55 ||   116
       Spear             |    68 |   207 |       |       ||   275
       Rapier            |       |    15 |    69 |       ||    84
       Hand axe          |       |       |   149 |   397 ||   546
Throw: Stone             |       |    28 |    50 |   115 ||   193
Invok: Heroism           |       |       |       |     4 ||     4
  Use: Scroll            |     3 |     3 |     1 |     7 ||    14
       Potion            |       |     1 |       |       ||     1
 Stab: Sleeping          |       |       |     1 |     4 ||     5
       Paralysed         |       |       |       |     1 ||     1
Armor: Chain mail        |    43 |   101 |    39 |       ||   183
       Robe              |     2 |       |       |       ||     2
       Ring mail         |       |       |    32 |    81 ||   113
Dodge: Dodged            |    30 |    56 |    88 |   211 ||   385
Block: Kite shield       |    63 |    96 |    87 |   207 ||   453
